 Dungeon Crawl Stone Soup version 0.20.1-1-g8b1a95d (webtiles) character file.

1096 slep the Chopper (level 8, -4/42 HPs)
             Began as a Vine Stalker Gladiator on Dec 20, 2017.
             Was a Follower of Okawaru.
             Killed from afar by Dowan (15 damage)
             ... with a shard of ice
             ... on level 6 of the Dungeon.
             The game lasted 00:17:17 (3428 turns).

slep the Chopper (Vine Stalker Gladiator)           Turns: 3428, Time: 00:17:19

Health: -4/42      AC:  5    Str: 17    XL:     8   Next: 31%
Magic:  0/18       EV: 14    Int:  8    God:    Okawaru [*.....]
Gold:   401        SH:  0    Dex: 18    Spells: 7/7 levels left

rFire    . . .     SeeInvis .   a - +1 war axe
rCold    + . .     Gourm    .   (no shield)
rNeg     . . .     Faith    .   u - +1 leather armour {rC+}
rPois    .         Spirit   +   c - +0 helmet
rElec    .         Reflect  .   (no cloak)
rCorr    .         Harm     .   (no gloves)
MR       +....                  (no boots)
Stlth    +++.......             (no amulet)
Regen    0.6/turn               o - ring of magical power
MPRegen  0.2/turn               (no ring)

@: no status effects
A: fangs 3, regeneration 1, magic shield, antimagic bite, no potion heal 3, rot
immunity
a: Heroism, Renounce Religion


You were on level 6 of the Dungeon.
You worshipped Okawaru.
Okawaru was aware of your devotion.
You were not hungry.

You visited 2 branches of the dungeon, and saw 7 of its levels.
You also visited: Sewer.

You collected 401 gold pieces.

Inventory:

Hand Weapons
 a - a +1 war axe (weapon)
 j - a +0 hand axe of distortion
 x - a +0 blowgun
 y - a +0 blowgun
Missiles
 d - 3 throwing nets (quivered)
 m - 39 poisoned needles
Armour
 b - a +0 leather armour
 c - a +0 helmet (worn)
 u - a +1 leather armour of cold resistance (worn)
 v - the +0 robe of Zauwut {Int+2 Dex+4}
   (You found it on level 4 of the Dungeon)

   It affects your intelligence (+2).
   It affects your dexterity (+4).
Jewellery
 o - a ring of magical power (left hand)
Wands
 i - a wand of iceblast (5/15)
Scrolls
 e - a scroll of blinking
 g - a scroll of acquirement {unknown}
 k - 3 scrolls of identify
 l - a scroll of enchant weapon
 p - 2 scrolls of remove curse
 r - a scroll of enchant armour {unknown}
 z - a scroll of teleportation {unknown}
 B - 2 scrolls of fog
 C - a scroll of vulnerability {unknown}
Potions
 h - 8 potions of curing
 n - 3 potions of brilliance {unknown}
 t - 2 potions of heal wounds {unknown}
 w - a potion of might {unknown}
 A - 4 potions of agility {unknown}
Comestibles
 f - 5 bread rations
 q - 2 royal jellies
 s - 3 meat rations
 D - 3 chunks of flesh


   Skills:
 + Level 3.9 Fighting
 + Level 6.1 Axes
 + Level 2.0 Throwing
 + Level 2.9 Armour
 + Level 3.8 Dodging
 + Level 3.9 Stealth


You had 7 spell levels left.
You didn't know any spells.

Dungeon Overview and Level Annotations

Branches:
Dungeon (6/15)             Temple (1/1) D:4

Altars:
Ashenzari
Cheibriados
Fedhas
Gozag
Hepliaklqana
Kikubaaqudgha
Makhleb
Nemelex Xobeh
Okawaru
Qazlal
Ru
Sif Muna
Trog
Uskayaw
Vehumet
Xom
Zin
The Shining One

Annotations:
D:6 Dowan


Innate Abilities, Weirdness & Mutations

You have razor-sharp teeth.
Your natural rate of healing is unusually fast.
When hurt, damage is shared between your health and your magic reserves.
Your bite disrupts and absorbs the magic of your enemies.
Potions cannot restore your health.
You are immune to rotting.


Message History

You slash Duvessa! Your bite misses Duvessa.
Duvessa is almost dead.
Duvessa misses you. Duvessa hits you with a short sword.
* * * LOW HITPOINT WARNING * * *
You slash Duvessa!
You kill Duvessa!
Okawaru accepts your kill.
Dowan screams, "No!
Oh no!"
Dowan seems to find hidden reserves of power!
Your Axes skill increases to level 6!
You slash Dowan!
Dowan is heavily wounded.
Dowan closely misses you. Dowan hits you but does no damage.
You hit Dowan.
Dowan is severely wounded.
Dowan casts a spell.
Dowan blinks!
Dowan gestures at you while chanting. The shard of ice hits you!
You partially resist.
You die...

#
....##############
#....ยง@e........#
#..############.#
#.# #.# #.# #.#
#.# #># #.#


You could see Dowan.

Vanquished Creatures
  The ghost of clownbabyjr the Skirmisher, an amateur DsFi (Sewer)
  Duvessa (D:6)
  3 centaurs
  2 scorpions (D:4)
  A crimson imp (D:5)
  An orc priest (D:4)
  A centaur skeleton (D:5)
  2 worker ants
  3 adders
  4 river rats (Sewer)
  2 oozes
  3 worms
  2 dart slugs
  5 leopard geckos
  7 orcs
  8 bats
  5 giant cockroaches
  14 goblins
  9 hobgoblins
  3 jackals (D:6)
  3 quokkas
  6 ball pythons
  6 frilled lizards
  22 kobolds
  27 rats
141 creatures vanquished.

Vanquished Creatures (others)
  An ogre (D:5)
  An orc priest (D:5)
  A worker ant (D:4)
  An adder (Sewer)
  A river rat (Sewer)
  An orc (D:4)
  A giant cockroach (D:3)
  A kobold (Sewer)
8 creatures vanquished.

Grand Total: 149 creatures vanquished

Notes
Turn   | Place    | Note
-------+----------+-------------------------------------------
     0 | D:1      | slep the Vine Stalker Gladiator began the quest for the Orb.
     0 | D:1      | Reached XP level 1. HP: 11/11 MP: 2/2
    40 | D:1      | Reached XP level 2. HP: 13/15 MP: 3/3
    43 | D:1      | Reached skill level 3 in Axes
   220 | D:1      | Reached XP level 3. HP: 18/18 MP: 4/4
  1089 | D:2      | Gained mutation: Your natural rate of healing is unusually fast. [Vine Stalker growth]
  1089 | D:2      | Reached XP level 4. HP: 23/23 MP: 5/5
  1130 | D:2      | Found a deep blue altar of Sif Muna.
  1384 | D:3      | Found a blossoming altar of Fedhas.
  1653 | D:4      | Reached skill level 1 in Armour
  1653 | D:4      | Reached skill level 1 in Stealth
  1653 | D:4      | Reached XP level 5. HP: 14/27 MP: 6/6
  1695 | D:4      | Reached skill level 4 in Axes
  1783 | D:4      | Found a sparkling altar of Nemelex Xobeh.
  1783 | D:4      | Found a hide-covered altar of Uskayaw.
  1828 | D:4      | Got an ancient robe
  1839 | D:4      | Identified the cursed +0 robe of Zauwut {Int+2 Dex+4} (You found it on level 4 of the Dungeon)
  1877 | D:4      | Found a radiant altar of Vehumet.
  1921 | D:4      | Reached XP level 6. HP: 32/32 MP: 7/7
  2114 | D:4      | Found a staircase to the Ecumenical Temple.
  2123 | Temple   | Entered the Ecumenical Temple
  2202 | Temple   | Became a worshipper of Warmaster Okawaru
  2275 | D:5      | Entered Level 5 of the Dungeon
  2432 | D:5      | Reached XP level 7. HP: 36/36 MP: 8/8
  2487 | D:5      | Reached skill level 5 in Axes
  2535 | D:5      | Found a glowing drain.
  2554 | Sewer    | Entered a sewer
  2567 | Sewer    | Noticed clownbabyjr's ghost (amateur DsFi)
  2580 | Sewer    | Killed clownbabyjr's ghost
  2580 | Sewer    | Reached * piety under Okawaru
  2824 | Sewer    | Gained mutation: You have razor-sharp teeth. [Vine Stalker growth]
  2824 | Sewer    | Reached XP level 8. HP: 40/40 MP: 9/9
  3405 | D:6      | Noticed Duvessa
  3407 | D:6      | Noticed Dowan
  3426 | D:6      | Killed Duvessa
  3426 | D:6      | Reached skill level 6 in Axes
  3428 | D:6      | Killed from afar by Dowan

Skill      XL: |  1  2  3  4  5  6  7  8 |
---------------+-------------------------+-----
Axes           | 3 4 5 6 |  6.1
Fighting       | 2 3 |  3.9
Throwing       | 2 |  2.0
Armour         | 1 2 |  2.9
Dodging        | 3 |  3.8
Stealth        | 1 2 3 |  3.9

Action                   |  1- 3 |  4- 6 |  7- 9 || total
-------------------------+-------+-------+-------++-------
Melee: War axe           |    30 |       |    39 ||    69
       Bite              |    26 |    19 |    31 ||    76
       Hand axe          |    70 |    81 |    80 ||   231
  Use: Scroll            |       |     7 |       ||     7
 Stab: Sleeping          |     2 |     1 |     3 ||     6
  Eat: Chunk             |     1 |     4 |     3 ||     8
Armor: Leather armour    |    29 |    15 |    32 ||    76
Dodge: Dodged            |    49 |    68 |    85 ||   202
